[Event "January 2 Late 2024"]
[Site "https://www.chess.com"]
[Date "2024.01.02"]
[Round "6"]
[White "Karpov, Vadim"]
[Black "Hajiyev, Kanan"]
[Result "1/2-1/2"]
[Board "124"]
[TimeControl "180+1"]
[WhiteFideId "4155025"]
[BlackFideId "13404148"]
[WhiteElo "2422"]
[BlackElo "2613"]
[WhiteTeam "RUS"]
[BlackTeam "AZE"]
[WhiteClock "0:00:08"]
[BlackClock "0:00:09"]

1. Nf3 d5 2. d4 c5 3. c4 cxd4 4. cxd5 Qa5+ 5. Qd2 Qxd5 6. Nc3 Qd8 7. Qxd4 Qxd4 8. Nxd4 a6 9. g3 e5 10. Nb3 Nc6 11. Bg2 Bb4 12. Bd2 Be6 13. Ne4 Bxd2+ 14. Nexd2 Nge7 15. Nc5 Bc8 16. Rc1 O-O 17. a3 Rb8 18. e3 Rd8 19. Nc4 b6 20. Nb3 Be6 21. Ncd2 Rbc8 22. O-O a5 23. Rfd1 Bg4 24. Bf3 h5 25. Bxg4 hxg4 26. Ne4 a4 27. Nbd2 f5 28. Nc3 Na5 29. Ndb1 Nb3 30. Rxd8+ Rxd8 31. Rd1 Rxd1+ 32. Nxd1 Kf7 33. Ndc3 Nc5 34. Kf1 Ke6 35. Ke2 Ng8 36. Nd2 Ne7 37. Nc4 Nc8 38. Nb5 g5 39. Nc3 e4 40. Kd2 Nb3+ 41. Kc2 Nc5 42. Nb5 Kd5 43. Nd2 Nd6 44. Nxd6 Kxd6 45. Kc3 b5 46. Kb4 Kc6 47. Kc3 Nd3 48. b3 Nxf2 49. bxa4 bxa4 50. Nc4 Nd1+ 51. Kd2 Nf2 52. Nb2 Nd3 53. Nxa4 Kb5 54. Nc3+ Kc4 55. a4 Nb4 56. a5 Nc6 57. a6 Kb4 58. Nd5+ Kc5 59. a7 Nxa7 60. Ne7 f4 61. exf4 gxf4 62. gxf4 Kd4 63. Nf5+ Kd5 64. Ke3 Nc6 65. Ng3 Na5 66. Nxe4 Nc4+ 67. Kd3 Nb2+ 68. Ke3 Nd1+ 69. Ke2 Kxe4 70. Kxd1 Kxf4 71. Ke2 Ke4 72. Kf2 Kf4 73. Kg2 Kg5 74. Kg3 Kh5 75. h3 gxh3 76. Kxh3 1/2-1/2

[Event "January 2 Late 2024"]
[Site "https://www.chess.com"]
[Date "2024.01.02"]
[Round "6"]
[White "Caglar, Sila"]
[Black "osh1ro"]
[Result "0-1"]
[Board "125"]
[TimeControl "180+1"]
[WhiteFideId "6364063"]
[WhiteElo "2419"]
[BlackElo "2602"]
[WhiteTeam "TUR"]
[WhiteClock "0:00:05"]
[BlackClock "0:00:12"]

1. e4 e6 2. d4 d5 3. Bd3 Nd7 4. e5 c5 5. c3 b6 6. Ne2 a5 7. O-O Ba6 8. Bc2 Ne7 9. Nd2 Nf5 10. Nf3 Be7 11. Re1 Nh4 12. Ng3 g6 13. Bh6 Bf8 14. Be3 Rc8 15. Rc1 Bg7 16. Ng5 h6 17. Nh3 O-O 18. Qd2 cxd4 19. cxd4 Kh7 20. Bb1 Nf5 21. Nxf5 exf5 22. Nf4 Nb8 23. g3 Qd7 24. h4 h5 25. Rxc8 Rxc8 26. Qd1 Kg8 27. e6 Qb7 28. exf7+ Qxf7 29. Nh3 Qb7 30. Nf4 Qf7 31. Nh3 Nc6 32. Ng5 Qd7 33. a3 b5 34. Qf3 b4 35. a4 Re8 36. Ba2 Bc4 37. Bxc4 dxc4 38. d5 Ne5 39. Qg2 Nd3 40. Rd1 Nxb2 41. Rc1 c3 42. Bb6 Nd3 43. Rd1 c2 44. Rxd3 c1=Q+ 45. Kh2 Qc4 46. Re3 Rxe3 47. Bxe3 Qdxd5 48. Qf1 Qxf1 0-1

[Event "January 2 Late 2024"]
[Site "https://www.chess.com"]
[Date "2024.01.02"]
[Round "6"]
[White "Zavgorodniy, Sergiy"]
[Black "Alvarado, Carlos"]
[Result "1/2-1/2"]
[Board "126"]
[TimeControl "180+1"]
[WhiteFideId "14110148"]
[BlackFideId "3800555"]
[WhiteElo "2596"]
[BlackElo "2419"]
[WhiteTeam "UKR"]
[BlackTeam "PER"]
[WhiteClock "0:00:46"]
[BlackClock "0:00:41"]

1. d4 d5 2. c4 e6 3. Nf3 Nf6 4. e3 Bb4+ 5. Nbd2 O-O 6. Bd3 dxc4 7. Bxc4 c5 8. dxc5 Bxc5 9. a3 b6 10. b4 Be7 11. Bb2 Bb7 12. O-O Nc6 13. Qe2 Rc8 14. Rfd1 Qc7 15. Rac1 Qb8 16. Ba6 Nd5 17. Bxb7 Qxb7 18. Nc4 Rfd8 19. h3 b5 20. Nce5 Nxe5 21. Bxe5 Bf6 22. Bxf6 gxf6 23. Qb2 Kg7 24. Qd4 Rxc1 25. Rxc1 Rc8 26. Rxc8 Qxc8 27. Qxa7 Qc1+ 28. Kh2 Qb2 29. Kg3 Nc3 30. Qb7 Nd1 31. Kh2 Qxf2 32. Nd4 Qxe3 33. Nxb5 Qe5+ 34. Kg1 Qe1+ 35. Kh2 Qe5+ 36. Kg1 Qe1+ 37. Kh2 Qe5+ 1/2-1/2

[Event "January 2 Late 2024"]
[Site "https://www.chess.com"]
[Date "2024.01.02"]
[Round "6"]
[White "Ambrogi, Agustin"]
[Black "Olenik Campa, Rudi"]
[Result "0-1"]
[Board "127"]
[TimeControl "180+1"]
[WhiteFideId "170933"]
[BlackFideId "14633264"]
[WhiteElo "2418"]
[BlackElo "2592"]
[WhiteTeam "ARG"]
[BlackTeam "SLO"]
[WhiteClock "0:00:00"]
[BlackClock "0:01:09"]

1. e4 c5 2. c3 Nf6 3. e5 Nd5 4. d4 cxd4 5. Bc4 Nb6 6. Bb3 Nc6 7. Nf3 d5 8. exd6 Qxd6 9. cxd4 Be6 10. Nc3 Bxb3 11. Qxb3 e6 12. O-O Be7 13. Nb5 Qd7 14. Nxa7 Nxa7 15. Qxb6 Nc6 16. Be3 O-O 17. a3 Bf6 18. Rfd1 h6 19. h3 Rfd8 20. Rac1 Rac8 21. b4 Ne7 22. Ne5 Bxe5 23. dxe5 Nd5 24. Rxc8 Rxc8 25. Qd6 Qa4 26. Rxd5 exd5 27. e6 Qc6 28. exf7+ Kxf7 29. Qe5 Qe6 30. Qf4+ Kg8 31. Bd4 Qe4 32. Qd2 Rc2 33. Qd1 Qe2 34. Qa1 Rd2 35. Kh2 Qd1 36. Qc3 Rxd4 37. Qc8+ Kf7 38. Qf5+ Ke7 39. Qe5+ Kd7 40. Qxg7+ Kc6 41. Qxh6+ Kb5 42. Qd6 Qd2 43. Qc5+ Ka4 44. Qa5+ Kb3 0-1

[Event "January 2 Late 2024"]
[Site "https://www.chess.com"]
[Date "2024.01.02"]
[Round "6"]
[White "Baules Rodriguez, Jorge Luis"]
[Black "Grycel, Kamil"]
[Result "0-1"]
[Board "128"]
[TimeControl "180+1"]
[WhiteFideId "6600247"]
[BlackFideId "1115499"]
[WhiteElo "2418"]
[BlackElo "2576"]
[WhiteTeam "PAN"]
[BlackTeam "POL"]
[WhiteClock "0:01:43"]
[BlackClock "0:02:27"]

1. e4 d6 2. d4 Nf6 3. Nc3 c6 4. Bd3 e5 5. Nge2 Nbd7 6. O-O Be7 7. h3 O-O 8. Be3 d5 9. Qd2 dxe4 10. Nxe4 Nxe4 11. Bxe4 f5 12. Bd3 f4 13. Bc4+ Kh8 14. Bxf4 exf4 15. Nxf4 Nb6 16. Bb3 Bg5 17. g3 Bxf4 18. gxf4 Bxh3 19. Rfe1 Qh4 0-1

[Event "January 2 Late 2024"]
[Site "https://www.chess.com"]
[Date "2024.01.02"]
[Round "6"]
[White "Rees, Ioan"]
[Black "Aggelis, Nikolaos"]
[Result "1/2-1/2"]
[Board "129"]
[TimeControl "180+1"]
[WhiteFideId "1801236"]
[BlackFideId "4213220"]
[WhiteElo "2417"]
[BlackElo "2569"]
[WhiteTeam "WLS"]
[BlackTeam "GRE"]
[WhiteClock "0:00:33"]
[BlackClock "0:00:34"]

1. e4 c6 2. d4 d5 3. e5 c5 4. Nf3 Nc6 5. c4 Nxd4 6. Nxd4 cxd4 7. Qxd4 dxc4 8. Qxd8+ Kxd8 9. Bxc4 Ke8 10. Nc3 e6 11. Be3 a6 12. O-O Nh6 13. Rac1 Nf5 14. Bb6 Be7 15. Ne4 f6 16. exf6 gxf6 17. Rfe1 Kf7 18. Nc5 Bxc5 19. Bxc5 Rd8 20. Rcd1 Rxd1 21. Rxd1 b5 22. Bb3 a5 23. a3 a4 24. Ba2 Ra6 25. g4 Nh4 26. Rd6 Rxd6 27. Bxd6 Nf3+ 28. Kg2 Bb7 29. Kg3 Nd2 30. Bb4 Ne4+ 31. Kf4 Nxf2 32. Bc3 Bd5 33. Bb1 e5+ 34. Kg3 Ne4+ 35. Bxe4 Bxe4 36. h4 Ke6 37. g5 f5 38. h5 f4+ 39. Kg4 Bf5+ 40. Kf3 Bc2 41. Kg4 Bd1+ 42. Kh4 Kf5 43. g6 hxg6 44. hxg6 Kxg6 45. Bxe5 Kf5 46. Bc3 Ke4 47. Kh3 Kf3 48. Kh2 Bc2 49. Kg1 Bd1 50. Bd4 Ke2 51. Bb6 f3 52. Bc5 Bb3 53. Bb6 Bd5 54. Bc5 Kd3 55. Kf2 Kc4 56. Be7 Kb3 57. Bf6 Kc2 58. Bc3 Kb3 59. Be5 Bc6 60. Bf6 Be4 61. Be5 Kc2 62. Bf6 Kd2 63. Be5 Bb7 64. Bf6 Kd3 65. Bg7 Kc4 66. Bh8 Kb3 67. Bg7 Ka2 68. Bh8 Ba8 69. Bg7 Kb1 70. Bh8 Kc2 71. Bg7 Kd3 72. Bh8 Kc4 73. Bg7 b4 74. axb4 Kxb4 75. Bh8 Kb3 76. Bg7 Kc2 77. Bh8 Bb7 78. Bg7 Kd3 79. Bh8 Ke4 80. Bg7 Kf5 81. Bc3 Kg6 82. Bd4 Kf7 83. Bc3 Ke6 84. Bd4 Kf5 85. Bc3 Ke4 86. Bg7 Kd3 87. Bh8 Kc2 88. Bg7 Kb3 89. Bh8 Bc6 90. Bg7 Kc4 91. Bh8 Kd5 92. Bg7 Ke6 93. Bh8 Kf7 94. Bc3 Kg6 95. Bd4 Kf5 96. Bc3 Ke4 97. Bg7 Kd3 98. Bh8 Kc2 99. Bg7 Kb1 100. Bh8 Bd5 101. Bg7 Ka2 102. Bh8 Kb3 103. Bg7 Kc2 104. Bh8 Kd3 105. Bg7 Ke4 106. Bh8 Kf5 107. Bg7 a3 108. bxa3 Bc6 109. Bc3 Ke4 110. Bb4 Kd3 111. Bc5 Kc4 112. Bd6 Kb3 113. Be7 Ka4 114. Bf8 Kb3 115. Be7 Ka4 116. Bf8 Kb3 117. Be7 1/2-1/2

[Event "January 2 Late 2024"]
[Site "https://www.chess.com"]
[Date "2024.01.02"]
[Round "6"]
[White "Andrews, Todd"]
[Black "Filipovic, Slobodan J"]
[Result "0-1"]
[Board "130"]
[TimeControl "180+1"]
[WhiteFideId "2012456"]
[BlackFideId "939633"]
[WhiteElo "2567"]
[BlackElo "2411"]
[WhiteTeam "USA"]
[BlackTeam "SRB"]
[WhiteClock "0:00:55"]
[BlackClock "0:00:35"]

1. e4 c5 2. Nf3 Nc6 3. d3 g6 4. g3 Bg7 5. Bg2 d6 6. O-O Bd7 7. Re1 Qc8 8. c3 Bg4 9. Nbd2 h5 10. h4 Nf6 11. Qa4 O-O 12. d4 cxd4 13. cxd4 e5 14. d5 Ne7 15. Nf1 Bd7 16. Qb3 b5 17. Bg5 a5 18. Rac1 Qb7 19. Qe3 Ng4 20. Qd2 f6 21. Be3 Rfc8 22. Rxc8+ Nxc8 23. Rc1 Nxe3 24. Nxe3 Bh6 25. Qc2 Bxe3 26. fxe3 Qb6 27. Kf2 Ra7 28. Nh2 Ne7 29. Bf3 f5 30. exf5 Nxf5 31. Nf1 Qd8 32. Qe4 Rc7 33. Rc2 Qc8 34. Rxc7 Qxc7 35. g4 hxg4 36. Bxg4 Qc1 37. Bxf5 Bxf5 38. Qf3 Qxb2+ 39. Kg1 Qc2 40. Ng3 b4 41. h5 Qb1+ 42. Nf1 Bd3 43. hxg6 Qxf1+ 44. Qxf1 Bxf1 45. Kxf1 a4 46. Ke2 b3 47. axb3 a3 48. Kd2 a2 49. Kc3 a1=Q+ 50. Kb4 Qe1+ 51. Kb5 Qxe3 52. b4 Kg7 53. Kc6 Qd4 54. Kxd6 e4 55. Ke6 Qxb4 56. d6 e3 57. d7 Qd4 58. Ke7 e2 59. d8=Q e1=Q# 0-1

[Event "January 2 Late 2024"]
[Site "https://www.chess.com"]
[Date "2024.01.02"]
[Round "6"]
[White "AmanteDeMoi"]
[Black "Garrido, Denis"]
[Result "1-0"]
[Board "131"]
[TimeControl "180+1"]
[BlackFideId "601217"]
[WhiteElo "2565"]
[BlackElo "2409"]
[BlackTeam "FRA"]
[WhiteClock "0:00:04"]
[BlackClock "0:00:08"]

1. Nf3 d5 2. e3 c6 3. c4 e6 4. b3 Qf6 5. Nc3 Bd6 6. Bb2 Qh6 7. Rc1 Nd7 8. g4 Ne7 9. Ne2 f6 10. h4 Ne5 11. Bxe5 fxe5 12. g5 Qg6 13. h5 Qf7 14. Ng3 e4 15. Nh4 O-O 16. Qe2 Bxg3 17. fxg3 Nf5 18. g6 Qc7 19. gxh7+ Kxh7 20. Nxf5 exf5 21. cxd5 Qxg3+ 22. Qf2 Qxf2+ 23. Kxf2 cxd5 24. Rc7 Be6 25. Rxb7 Rfb8 26. Re7 Re8 27. Rb7 Reb8 28. Re7 Re8 29. Rxe8 Rxe8 30. Be2 Rc8 31. Bd1 Rc1 32. Rg1 Bf7 33. a4 Rb1 34. Rh1 Kh6 35. Kg3 Rxd1 36. Rxd1 Bxh5 37. Rc1 g5 38. b4 Be2 39. b5 Bc4 40. Rb1 1-0

[Event "January 2 Late 2024"]
[Site "https://www.chess.com"]
[Date "2024.01.02"]
[Round "6"]
[White "Awoki, Daniel Teidi"]
[Black "Avramidou, Anastasia"]
[Result "1-0"]
[Board "132"]
[TimeControl "180+1"]
[WhiteFideId "2100827"]
[BlackFideId "4239873"]
[WhiteElo "2408"]
[BlackElo "2563"]
[WhiteTeam "BRA"]
[BlackTeam "GRE"]
[WhiteClock "0:00:07"]
[BlackClock "0:00:00"]

1. e4 g6 2. d4 Bg7 3. Nc3 d6 4. Be3 a6 5. a4 b6 6. Qd2 Bb7 7. f3 Nf6 8. Bc4 d5 9. Bd3 dxe4 10. fxe4 Ng4 11. Nf3 Nxe3 12. Qxe3 O-O 13. O-O e6 14. Rad1 Nd7 15. Kh1 Qe7 16. Ne2 c5 17. c3 Rad8 18. Bc4 cxd4 19. cxd4 Qb4 20. b3 b5 21. axb5 axb5 22. Bd3 Nb8 23. Qd2 Nc6 24. Qxb4 Nxb4 25. Bb1 Rc8 26. Rc1 h6 27. Kg1 Rfd8 28. Kf2 g5 29. Ke3 Nc6 30. h3 Na5 31. Nd2 Ba6 32. Bd3 Nc6 33. Nf3 Nb4 34. Bb1 Kf8 35. Rxc8 Rxc8 36. Rc1 Rxc1 37. Nxc1 Nc6 38. Nd3 b4 39. Nc5 Bf1 40. d5 exd5 41. exd5 Nd8 42. Kf2 Bb5 43. Bd3 Be8 44. Bc4 Ke7 45. Nd3 Bc3 46. Ke3 Kd6 47. Nd4 Bd7 48. Ne2 Bg7 49. Nxb4 f5 50. Kd3 f4 51. Nd4 Kc5 52. Nbc2 Nb7 53. Ne6+ Bxe6 54. dxe6 Kd6 55. Ke4 Bf8 56. Kf5 Be7 57. Nd4 Nc5 58. Nb5+ Kc6 59. Kg6 Ne4 60. Kxh6 Nd2 61. Kg6 f3 62. gxf3 Nxf3 63. Kf7 Bb4 64. e7 Ne5+ 65. Ke6 Bxe7 66. Kxe5 g4 67. hxg4 Kc5 68. Kf5 1-0

[Event "January 2 Late 2024"]
[Site "https://www.chess.com"]
[Date "2024.01.02"]
[Round "6"]
[White "ArchibaldCerveza29"]
[Black "Lymar, Vladislav"]
[Result "1-0"]
[Board "133"]
[TimeControl "180+1"]
[BlackFideId "14162180"]
[WhiteElo "2403"]
[BlackElo "2552"]
[BlackTeam "UKR"]
[WhiteClock "0:00:05"]
[BlackClock "0:00:02"]

1. b3 d6 2. Bb2 e5 3. g3 f5 4. Bg2 Nf6 5. e3 Be7 6. d4 e4 7. c4 c6 8. Ne2 d5 9. Nbc3 Be6 10. cxd5 cxd5 11. Rc1 O-O 12. a3 Nc6 13. Bh3 g5 14. b4 Qd7 15. Na4 b6 16. Nac3 Rac8 17. Ba1 Kg7 18. Bb2 h6 19. Rg1 Bf7 20. Qd2 Bh5 21. Rc2 Bxb4 22. axb4 Nxb4 23. Rc1 Nd3+ 24. Kf1 Nxc1 25. Nxc1 Bf3 26. Bg2 g4 27. h3 b5 28. Bxf3 exf3 29. Nd3 Ne4 30. Nxe4 fxe4 31. Nc5 Qf5 32. hxg4 Qxg4 33. Rh1 Kh7 34. Rh4 Qg6 35. Qa5 Qb6 36. Bc3 Qxa5 37. Bxa5 Rc6 38. Rh5 Rd6 39. Kg1 Rb8 40. Bb4 Ra8 41. Nb3 Rdd8 42. Ba5 Rd7 43. Nc5 Rd6 44. Re5 Kg6 45. Re7 Kf6 46. Rb7 a6 47. Kh2 Rg8 48. Nd7+ Kg5 49. Ne5 Kf6 50. Bb4 Re6 51. Rh7 Kf5 52. Rf7+ Kg5 53. Be7+ Kh5 54. Rf5+ Rg5 55. Bxg5 hxg5 56. Rf7 Rb6 57. Rh7+ Rh6 58. Ra7 Rb6 59. Rh7+ Rh6 60. g4+ Kh4 61. Rxh6# 1-0

[Event "January 2 Late 2024"]
[Site "https://www.chess.com"]
[Date "2024.01.02"]
[Round "6"]
[White "Carrasco Miranda, Andres"]
[Black "Grinev, Valeriy"]
[Result "0-1"]
[Board "134"]
[TimeControl "180+1"]
[WhiteFideId "3405990"]
[BlackFideId "14117517"]
[WhiteElo "2402"]
[BlackElo "2546"]
[WhiteTeam "CHI"]
[BlackTeam "UKR"]
[WhiteClock "0:01:16"]
[BlackClock "0:00:52"]

1. d4 c5 2. dxc5 e5 3. Nf3 Nc6 4. c4 Bxc5 5. Nc3 d6 6. Bg5 Nge7 7. e3 h6 8. Bh4 g5 9. Bg3 f5 10. h4 f4 11. Bh2 g4 12. Nd2 g3 13. fxg3 fxe3 14. Nde4 Bf5 15. Bd3 e2 16. Qxe2 O-O 17. O-O-O Nd4 18. Qh5 Kg7 19. Nxc5 dxc5 20. g4 Bxd3 21. Bxe5+ Kh7 22. Rxd3 Nb3+ 23. Kc2 Rf2+ 24. Kxb3 Qxd3 25. Rd1 Qc2+ 26. Ka3 Qxb2+ 27. Ka4 Qb4# 0-1

[Event "January 2 Late 2024"]
[Site "https://www.chess.com"]
[Date "2024.01.02"]
[Round "6"]
[White "Skibbe, Willi"]
[Black "Lin, Bryan Enming"]
[Result "0-1"]
[Board "135"]
[TimeControl "180+1"]
[WhiteFideId "4682190"]
[BlackFideId "30987121"]
[WhiteElo "2401"]
[BlackElo "2545"]
[WhiteTeam "GER"]
[BlackTeam "USA"]
[WhiteClock "0:00:01"]
[BlackClock "0:00:41"]

1. c4 Nf6 2. Nf3 g6 3. Nc3 Bg7 4. e4 d6 5. d4 O-O 6. Be2 e5 7. Be3 Ng4 8. Bg5 f6 9. Bc1 Nc6 10. d5 Ne7 11. h3 Nh6 12. Be3 f5 13. Bg5 Nf7 14. exf5 gxf5 15. Bh4 e4 16. Nd4 Ne5 17. O-O N5g6 18. Bg5 h6 19. Bc1 c5 20. dxc6 bxc6 21. g3 d5 22. cxd5 cxd5 23. h4 Qb6 24. h5 Qxd4 25. hxg6 Qxd1 26. Rxd1 d4 27. Bc4+ Kh8 28. Nd5 Nxg6 29. b3 d3 30. Rb1 Ne5 31. Ba3 Rf7 32. Nf4 Nxc4 33. bxc4 Ba6 34. c5 Rc8 35. Ne6 Be5 36. Bb2 Bxb2 37. Rxb2 Bc4 38. Nf4 Rxc5 39. Rc1 Rfc7 40. Rb8+ Bg8 41. Rxc5 Rxc5 42. Ng6+ Kg7 43. Ne7 d2 44. Rxg8+ Kf7 45. Rd8 Rc1+ 46. Kg2 d1=Q 47. Rxd1 Rxd1 48. Nxf5 Kg6 49. Ne7+ Kf6 50. Nc6 Rd2 51. Nxa7 e3 52. Kf3 e2 0-1

[Event "January 2 Late 2024"]
[Site "https://www.chess.com"]
[Date "2024.01.02"]
[Round "6"]
[White "Travkina, Anastasia"]
[Black "Kotlyar, Kirill"]
[Result "1-0"]
[Board "136"]
[TimeControl "180+1"]
[WhiteFideId "24129151"]
[BlackFideId "24145599"]
[WhiteElo "2398"]
[BlackElo "2543"]
[WhiteTeam "RUS"]
[BlackTeam "RUS"]
[WhiteClock "0:00:19"]
[BlackClock "0:00:07"]

1. e4 e5 2. Nf3 Nc6 3. Bc4 Nf6 4. d4 exd4 5. Ng5 Ne5 6. Bb3 h6 7. f4 hxg5 8. fxe5 Nxe4 9. Bd5 Nc5 10. O-O Ne6 11. Qf3 Qe7 12. Nd2 c6 13. Ne4 Rh4 14. Nd6+ Kd8 15. Bxe6 Kc7 16. Qxf7 Rh8 17. Qxe7 Bxe7 18. Bh3 Bxd6 19. exd6+ Kxd6 20. Bxg5 Kc5 21. Rf7 d5 22. Bxc8 Raxc8 23. Rxb7 Rb8 24. Be7+ Kc4 25. Rxb8 Rxb8 26. Rb1 d3 27. cxd3+ Kxd3 28. Bc5 a5 29. b3 Kc2 30. Rf1 Rb5 31. Bf8 Kb2 32. Rf2+ Kc1 33. Bxg7 c5 34. h4 d4 35. h5 d3 36. Bh6+ Kb1 37. Bd2 c4 38. bxc4 Rxh5 39. g4 Rc5 40. g5 Rxc4 41. Kg2 a4 42. Kf3 Kxa2 43. g6 Rc6 44. g7 Rc8 45. Bb4+ Kb3 46. Bf8 Rc2 47. g8=Q+ Kb2 48. Bg7+ Kb1 49. Qb8+ Ka2 50. Rxc2+ dxc2 51. Qb2# 1-0

[Event "January 2 Late 2024"]
[Site "https://www.chess.com"]
[Date "2024.01.02"]
[Round "6"]
[White "Jarocka, Liwia"]
[Black "Pham, Le Thao Nguyen"]
[Result "0-1"]
[Board "137"]
[TimeControl "180+1"]
[WhiteFideId "21807558"]
[BlackFideId "12401226"]
[WhiteElo "2398"]
[BlackElo "2532"]
[WhiteTeam "POL"]
[BlackTeam "VIE"]
[WhiteClock "0:00:21"]
[BlackClock "0:00:09"]

1. e4 c5 2. Nf3 e6 3. c3 d5 4. exd5 exd5 5. d4 Nc6 6. Bb5 Bd6 7. O-O Ne7 8. dxc5 Bxc5 9. Re1 O-O 10. Bg5 Qc7 11. Nbd2 Bg4 12. h3 Bh5 13. Nb3 Bd6 14. Be2 a6 15. Nfd4 Bg6 16. Bf3 Rfe8 17. Qd2 h6 18. Bxe7 Nxe7 19. Rad1 Red8 20. Qe2 Nc6 21. Kh1 Bf8 22. Qd2 Ne5 23. Qc1 Nd3 24. Rxd3 Bxd3 25. Qd2 Bg6 26. Nc1 Qb6 27. Nce2 Be4 28. Nf4 Bxf3 29. Nxf3 Qa5 30. a3 Rd7 31. Ne5 Rd6 32. Qd3 Rad8 33. Qf5 Rf6 34. Qg4 Qb6 35. Re2 Qb5 36. Nh5 Rfd6 37. Qf3 f6 38. Ng4 Re8 39. Ne3 Qd7 40. Ng3 d4 41. cxd4 Rxd4 42. Kh2 Rd2 43. Rxd2 Qxd2 44. Qxb7 Qxf2 45. Qd5+ Kh8 46. Qf7 Qxe3 47. Nf5 Qe6 0-1

[Event "January 2 Late 2024"]
[Site "https://www.chess.com"]
[Date "2024.01.02"]
[Round "6"]
[White "Ismayil, Malak"]
[Black "Kanter, Eduard"]
[Result "1-0"]
[Board "138"]
[TimeControl "180+1"]
[WhiteFideId "13412604"]
[BlackFideId "4103963"]
[WhiteElo "2524"]
[BlackElo "2384"]
[WhiteTeam "AZE"]
[BlackTeam "RUS"]
[WhiteClock "0:00:06"]
[BlackClock "0:00:02"]

1. e4 c5 2. Nf3 a6 3. d4 cxd4 4. Nxd4 Nf6 5. e5 Qa5+ 6. Nc3 Qxe5+ 7. Be2 Nc6 8. Nf3 Qc7 9. Bg5 e6 10. Bxf6 gxf6 11. a3 b5 12. Ne4 Be7 13. Qd2 h5 14. h4 Bb7 15. Rd1 d5 16. Ng3 O-O-O 17. c3 Ne5 18. Nd4 Ng4 19. Bxg4 hxg4 20. h5 f5 21. Qd3 Qe5+ 22. Kd2 f4 23. Nge2 Bg5 24. Kc2 Qf6 25. Nb3 e5 26. Nc5 e4 27. Qd4 Qf5 28. Kb3 Bf6 29. Qd2 Be5 30. Nd4 Qf6 31. Ka2 Kb8 32. a4 bxa4 33. Nxa4 Rc8 34. Qc2 Rc4 35. Qb3 Bxd4 36. cxd4 Rxd4 37. Rc1 Qd6 38. Nc5 Qc6 39. Qc3 Qf6 40. Nd7+ Ka7 41. Nxf6 1-0

[Event "January 2 Late 2024"]
[Site "https://www.chess.com"]
[Date "2024.01.02"]
[Round "6"]
[White "Rangel, Daniel"]
[Black "RemcoSpr"]
[Result "0-1"]
[Board "139"]
[TimeControl "180+1"]
[WhiteFideId "2124475"]
[WhiteElo "2523"]
[BlackElo "2383"]
[WhiteTeam "BRA"]
[WhiteClock "0:00:00"]
[BlackClock "0:00:07"]

1. c4 e5 2. g3 Nf6 3. Bg2 c6 4. Nf3 e4 5. Nd4 d5 6. cxd5 Qxd5 7. Nc2 Qe5 8. Nc3 Bf5 9. O-O Nbd7 10. d4 Qe6 11. d5 Nxd5 12. Nd4 Qg6 13. Nxd5 cxd5 14. Qb3 Nb6 15. a4 Bc5 16. Nxf5 Qxf5 17. a5 Nd7 18. Qxb7 O-O 19. Qb3 Rab8 20. Qc2 Rfc8 21. Qd1 Nf6 22. Ra2 d4 23. h3 h5 24. Bf4 Rb5 25. a6 Bb6 26. b3 d3 27. exd3 exd3 28. Rd2 Rd8 29. h4 Rb4 30. Bg5 Rbd4 31. Bxf6 gxf6 32. Kh2 Re8 33. Re1 Rxe1 34. Qxe1 Qe5 35. Qd1 Rd6 36. Rxd3 Rxd3 37. Qxd3 Bxf2 38. Bd5 Kg7 39. Qf3 Bc5 40. Bc4 Bd6 41. Kh3 Kg6 42. Qd3+ f5 43. Qf3 Kf6 44. Bd3 Qc5 45. Qxh5 Qe3 46. Qxf5+ Kg7 47. Qg4+ Kf8 48. Bf5 Qe1 49. Kg2 Qd2+ 50. Kh3 Qe1 51. Kg2 Qd2+ 52. Kf1 Bc5 53. Qf3 Qc1+ 54. Kg2 Qb2+ 55. Kh3 Qd4 56. Be4 Qd6 57. h5 Bb6 58. Bf5 Bc7 59. Kg4 Ke7 60. Kh3 Qf6 61. Qe4+ Kf8 62. Qf3 Qg5 63. Qg4 Qe3 64. Be4 Qe1 65. Qh4 Qf1+ 66. Bg2 Qf2 67. h6 Qf5+ 68. Kh2 Qh7 69. Be4 Qh8 70. h7 Be5 71. Bg2 Kg7 72. Qb4 Qxh7+ 73. Qh4 Qxh4+ 0-1

[Event "January 2 Late 2024"]
[Site "https://www.chess.com"]
[Date "2024.01.02"]
[Round "6"]
[White "Ljukin, Sergei"]
[Black "Rios Escobar, Adan"]
[Result "1-0"]
[Board "140"]
[TimeControl "180+1"]
[WhiteFideId "14102200"]
[BlackFideId "3403645"]
[WhiteElo "2517"]
[BlackElo "2377"]
[WhiteTeam "UKR"]
[BlackTeam "CHI"]
[WhiteClock "0:00:13"]
[BlackClock "0:00:15"]

1. e4 c5 2. Nf3 d6 3. d4 cxd4 4. Nxd4 Nf6 5. Nc3 a6 6. Bg5 Nbd7 7. f4 g6 8. Qe2 Bg7 9. O-O-O O-O 10. e5 dxe5 11. fxe5 Qa5 12. Bxf6 exf6 13. e6 Ne5 14. exf7+ Rxf7 15. Nb3 Qc7 16. h3 Be6 17. g4 Rc8 18. Bg2 Kh8 19. Bd5 Bxd5 20. Rxd5 b5 21. Rhd1 b4 22. Ne4 Rff8 23. Rc5 Qb6 24. Rd6 Qb7 25. Rxc8 Qxc8 26. Qxa6 Qxa6 27. Rxa6 f5 28. gxf5 gxf5 29. Nd6 f4 30. Nd2 f3 31. Nf1 f2 32. Kd1 Nf3 33. Ne4 Bxb2 34. Nxf2 Bc3 35. Nd3 Re8 36. Ng3 Ne5 37. Ne2 Nc4 38. Nxc3 Ne3+ 39. Kc1 bxc3 40. Rc6 Nd5 41. Rc5 Rd8 42. Kd1 Rd7 43. a4 Ne3+ 44. Kc1 Nd5 45. Kd1 Kg7 46. a5 Ne3+ 47. Kc1 Nd5 48. Kb1 h5 49. Ka2 h4 50. Kb3 Kf7 51. Kc4 Ke6 52. Rxd5 Rc7+ 53. Rc5 Rf7 54. Kxc3 Rf3 55. Kc4 Kd6 56. Rh5 Rxh3 57. a6 Rh1 58. Ra5 Rg1 59. a7 Rg8 60. a8=Q Rxa8 61. Rxa8 Ke6 62. Rh8 Kf5 63. Rxh4 Kg5 64. Rf4 Kg6 65. Kd4 Kg5 66. c4 Kg6 67. c5 Kg5 68. c6 Kg6 69. c7 Kg5 70. c8=Q Kg6 71. Qc5 Kg7 72. Qe5+ Kg8 73. Rf6 Kh7 74. Qe7+ Kg8 75. Rf8# 1-0

[Event "January 2 Late 2024"]
[Site "https://www.chess.com"]
[Date "2024.01.02"]
[Round "6"]
[White "Marcziter, Dmitrii"]
[Black "Korpics, Zsolt"]
[Result "1-0"]
[Board "141"]
[TimeControl "180+1"]
[WhiteFideId "13900765"]
[BlackFideId "705241"]
[WhiteElo "2374"]
[BlackElo "2510"]
[WhiteTeam "GER"]
[BlackTeam "HUN"]
[WhiteClock "0:00:09"]
[BlackClock "0:00:00"]

1. d4 Nf6 2. c4 e6 3. Nf3 b6 4. a3 Ba6 5. Qc2 Bb7 6. Nc3 c5 7. e4 cxd4 8. Nxd4 Bc5 9. Nb3 Nc6 10. Be2 Nd4 11. Nxd4 Bxd4 12. Bf4 O-O 13. f3 Nh5 14. Bd6 Re8 15. O-O-O Be3+ 16. Kb1 Nf4 17. g3 Nxe2 18. Qxe2 Bc5 19. Nb5 Bd5 20. cxd5 Bxd6 21. Nxd6 Rf8 22. dxe6 fxe6 23. Rd2 Qf6 24. f4 e5 25. f5 Qh6 26. Rhd1 Rf6 27. Nc4 d5 28. Rxd5 Raf8 29. Qd2 Qh5 30. Rd8 g6 31. Qd5+ Kg7 32. Rxf8 Rxf8 33. Qxe5+ Kh6 34. Qf4+ Kg7 35. Rd7+ Kg8 36. Qe5 Qd1+ 37. Rxd1 1-0

[Event "January 2 Late 2024"]
[Site "https://www.chess.com"]
[Date "2024.01.02"]
[Round "6"]
[White "Paragua, Megan Althea"]
[Black "Horak, Martin"]
[Result "0-1"]
[Board "142"]
[TimeControl "180+1"]
[WhiteFideId "30973007"]
[BlackFideId "367095"]
[WhiteElo "2374"]
[BlackElo "2505"]
[WhiteTeam "USA"]
[BlackTeam "CZE"]
[WhiteClock "0:00:33"]
[BlackClock "0:00:25"]

1. e4 c5 2. Nf3 a6 3. c3 d5 4. exd5 Qxd5 5. d4 e6 6. Be2 Nf6 7. O-O Nc6 8. Be3 cxd4 9. Nxd4 Nxd4 10. Bxd4 Bc5 11. Bxf6 Qxd1 12. Rxd1 gxf6 13. Nd2 Ke7 14. Ne4 Ba7 15. Nd6 Rb8 16. Nxc8+ Rhxc8 17. Rd2 Rc7 18. Rad1 b5 19. a3 a5 20. Bd3 f5 21. Kf1 Kf6 22. Be2 Ke7 23. Bd3 h5 24. h4 Kf6 25. Be2 Kg6 26. Rd7 Rcb7 27. Bxb5 Rxb5 28. Rxa7 Rxb2 29. Rxa5 Rc2 30. Ra4 e5 31. Rf4 exf4 0-1

[Event "January 2 Late 2024"]
[Site "https://www.chess.com"]
[Date "2024.01.02"]
[Round "6"]
[White "Osmak, Yuliia"]
[Black "Obon Temprano, Sergi"]
[Result "1-0"]
[Board "143"]
[TimeControl "180+1"]
[WhiteFideId "14101602"]
[BlackFideId "2226545"]
[WhiteElo "2505"]
[BlackElo "2362"]
[WhiteTeam "UKR"]
[BlackTeam "ESP"]
[WhiteClock "0:00:06"]
[BlackClock "0:00:10"]

1. Nf3 d5 2. g3 Nf6 3. Bg2 c6 4. O-O Bf5 5. c4 e6 6. d3 h6 7. b3 Bh7 8. Bb2 Nbd7 9. Nbd2 Be7 10. a3 O-O 11. b4 Qc7 12. Rc1 a5 13. b5 cxb5 14. cxd5 Qb6 15. dxe6 Qxe6 16. Nd4 Qb6 17. e4 b4 18. Nc4 Qa6 19. a4 Rac8 20. Nb5 Nb6 21. e5 Nfd5 22. Nxb6 Nxb6 23. d4 Rxc1 24. Bxc1 Rc8 25. d5 Bc2 26. Qg4 f5 27. exf6 Bxf6 28. Qe6+ Kh7 29. Nd6 Rd8 30. Nf7 Nxa4 31. Nxd8 Bxd8 32. Be4+ Bxe4 33. Qxe4+ Qg6 34. Qc4 Nb6 35. Qb5 Nc8 36. Qxb7 Nd6 37. Qb8 Nf7 38. Bf4 a4 39. Qxb4 h5 40. Qxa4 h4 41. Re1 h3 42. Qe4 Ng5 43. Qxg6+ Kxg6 44. Bxg5 Kxg5 45. Re8 Bb6 46. Kf1 Kf6 47. Ke2 Kf7 48. Re6 Bc5 49. f3 g5 50. f4 Bg1 51. fxg5 Bxh2 52. Kf3 Bg1 53. Rh6 h2 54. Kg2 Kg7 55. Rxh2 Bc5 56. Rh6 1-0